 Dungeon Crawl Stone Soup version 0.27.1-16-g815e20cd7a (webtiles) character file.

Game seed: 10429322303375253976

3174 TheCrusader the Basher (level 9, -3/69 HPs)
             Began as a Demonspawn Berserker on Nov 22, 2021.
             Was an Elder of Trog.
             Slain by Grum (9 damage)
             ... on level 8 of the Dungeon.
             The game lasted 00:29:27 (7818 turns).

TheCrusader the Basher (Demonspawn Berserker)       Turns: 7818, Time: 00:29:27

Health: -3/69      AC: 26    Str: 25    XL:     9   Next: 63%
Magic:  9/9        EV: 10    Int: 15    God:    Trog [****..]
Gold:   435        SH:  0    Dex: 18    Spells: 8/8 levels left

rFire    . . .     SeeInvis .   v - +0 flail (protect)
rCold    + . .     Faith    .   (no shield)
rNeg     . . .     Spirit   .   w - +0 plate armour
rPois    .         Reflect  .   D - +0 helmet
rElec    .         Harm     .   e - +0 cloak
rCorr    .         Rampage  .   b - +0 pair of gloves
Will     ++...                  (boots unavailable)
Stlth    ..........             (no amulet)
HPRegen  1.21/turn              c - +6 ring of strength
MPRegen  0.11/turn              m - +6 ring of intelligence

@: strong-willed, under a protective aura, on berserk cooldown, regenerating,
slowed, very slow
A: talons 3, slimy green scales 2, powered by death 2, agile 2, cold resistance
1, evolution 1
a: Renounce Religion, Berserk, Trog's Hand, Brothers in Arms


You were on level 8 of the Dungeon.
You worshipped Trog.
Trog was greatly pleased with you.
You visited 2 branches of the dungeon, and saw 9 of its levels.
You also visited: Sewer.

You collected 435 gold pieces.

Inventory:

Hand Weapons
 a - a +0 mace
 p - a +4 club
 v - a +0 flail of protection (weapon)
Armour
 b - a +0 pair of gloves (worn)
 e - a +0 cloak (worn)
 h - a +0 pair of boots
 w - a +0 plate armour (worn)
 D - a +0 helmet (worn)
Jewellery
 c - a +6 ring of strength (left hand)
 m - a +6 ring of intelligence (right hand)
 E - a +6 ring of strength
Wands
 d - a wand of polymorph (5)
 i - a wand of flame (43)
 o - a wand of digging (5)
 y - a wand of paralysis (6)
Scrolls
 f - 5 scrolls of noise {unknown}
 g - a scroll of summoning {unknown}
 j - 2 scrolls of silence {unknown}
 k - 2 scrolls of enchant armour {unknown}
 l - 7 scrolls of teleportation {unknown}
 n - 2 scrolls of blinking {unknown}
 s - a scroll of enchant weapon {unknown}
 t - a scroll of identify {unknown}
 u - 2 scrolls of fog {unknown}
 B - a scroll of magic mapping {unknown}
 C - a scroll of immolation {unknown}
Potions
 q - 3 potions of lignification
 r - 6 potions of flight
 x - a potion of brilliance
 z - a potion of might {unknown}


   Skills:
 + Level 6.1 Fighting
 + Level 8.5 Maces & Flails
 + Level 6.4 Armour
 + Level 5.6 Dodging


You had 8 spell levels left.
You didn't know any spells.
Your spell library was empty.

Dungeon Overview and Level Annotations

Branches:
Dungeon (8/15)             Temple (1/1) D:4           Sewer (visited)
   Lair: D:8-11

Altars:
Cheibriados
Makhleb
Trog
Vehumet
Yredelemnul
The Shining One

Annotations:
D:4 Natasha
D:8 Grum


Innate Abilities, Weirdness & Mutations

You have claws for feet.
You are mostly covered in slimy green scales. (AC +3)
You regenerate health from kills.
You are very agile. (Dex +4)
Your flesh is cold resistant. (rC+)
You evolve.


Message History

* * * LOW HITPOINT WARNING * * *
Grum hits you but does no damage. The wolf bites you but does no damage.
The wolf barely misses you.
Grum points his finger and shouts, "Cujo!
Sic 'em!"
Grum barely misses you.
You hit the wolf but do no damage.
Your weapon exudes an aura of protection.
You claw the wolf!
The wolf is moderately wounded.
The wolf barely misses you.
The wolf bites you but does no damage. x3
Grum completely misses you. The wolf bites you but does no damage.
You closely miss the wolf. You claw the wolf.
The wolf is heavily wounded.
You feel the effects of Trog's Hand fading.
The wolf closely misses you. The wolf barely misses you.
The wolf bites you but does no damage.
Grum hits you from afar with a +0 halberd.
* * * LOW HITPOINT WARNING * * *
The wolf bites you.
* * * LOW HITPOINT WARNING * * *
The wolf bites you but does no damage. Grum barely misses you.
You are too injured to fight recklessly!
Your skin crawls.
You feel strong-willed.
The wolf bites you but does no damage. x2; The wolf closely misses you.
The wolf bites you but does no damage.
Grum stares intently and growls.
Grum hits you from afar with a +0 halberd.
* * * LOW HITPOINT WARNING * * *
The wolf barely misses you. The wolf closely misses you.
You sock the wolf!
Your weapon exudes an aura of protection.
You claw the wolf, but do no damage.
The wolf is almost dead.
The wolf bites you.
* * * LOW HITPOINT WARNING * * *
The wolf bites you.
* * * LOW HITPOINT WARNING * * *
Grum hits you from afar with a +0 halberd!
You die...

#.#.# #.#># #....
#.#. #...# ###.#.#
#..$. .....####
#.g.# #.#.##.##
#.h)# #...#...##
#.h@# #.#......##
#...# #.#........
#...######..........
#...†......#.#...###
##..#####...###.##
#...###.###.#..####
#......<# #........
#...###.###.#.#####
###.# ##..........#


You could see Grum and 2 wolves.

Vanquished Creatures
  Maggie (D:8)
  The ghost of SquidGame the Chopper, a novice TeBe of Trog (D:6)
  Grinder (D:3)
  Duvessa (D:5)
  3 water moccasins
  A sky beast (D:7)
  A black bear (D:7)
  2 ice beasts
  2 ogres (D:6)
  2 centaurs (D:5)
  A phantom (D:5)
  A bullfrog (D:8)
  A gnoll sergeant (D:6)
  2 scorpions
  Dowan (D:5)
  A water moccasin zombie (D:6)
  A wyvern skeleton (D:7)
  A centaur zombie (D:5)
  A bullfrog zombie (D:6)
  2 jellies
  3 bullfrog skeletons
  3 orc priests
  2 hounds
  Ijyb (D:4)
  Natasha (D:4)
  5 iguanas
  2 orc wizards
  A killer bee zombie (D:5)
  A hound zombie (D:5)
  3 hound skeletons
  5 gnolls (D:6)
  A howler monkey skeleton (D:3)
  4 adders
  2 river rats (D:5)
  A shadow imp (D:7)
  2 white imps
  2 adder zombies (D:1)
  3 dart slugs
  8 orcs
  6 bats
  5 endoplasms
  2 giant cockroaches
  8 goblins
  8 hobgoblins
  6 jackals
  6 quokkas
  5 ball pythons
  8 frilled lizards
  3 kobolds
  13 rats
147 creatures vanquished.

Notes
Turn   | Place    | Note
-------+----------+-------------------------------------------
     0 | D:1      | TheCrusader the Demonspawn Berserker began the quest for
                  | the Orb.
     0 | D:1      | Reached XP level 1. HP: 18/18 MP: 1/1
    32 | D:1      | Gained mutation: You have sharp toenails. [demonic
                  | ancestry]
    32 | D:1      | Reached XP level 2. HP: 14/24 MP: 2/2
   199 | D:1      | Reached skill level 3 in Maces & Flails
   770 | D:1      | Found a faded altar of an unknown god.
  1404 | D:2      | Gained mutation: You have razor-sharp toenails. [demonic
                  | ancestry]
  1404 | D:2      | Reached XP level 3. HP: 29/29 MP: 3/3
  1791 | D:2      | Found a radiant altar of Vehumet.
  1899 | D:2      | Reached ** piety under Trog
  2545 | D:3      | Gained mutation: You are partially covered in slimy green
                  | scales. (AC +2) [demonic ancestry]
  2545 | D:3      | Reached XP level 4. HP: 35/36 MP: 4/4
  2749 | D:3      | Noticed Grinder
  2751 | D:3      | Paralysed by Grinder for 5 turns
  2756 | D:3      | Gained mutation: You expend magic power (3 MP) to
                  | strengthen your wands. [potion of mutation]
  2756 | D:3      | Gained mutation: You are dopey. (Int -2) [potion of
                  | mutation]
  2756 | D:3      | Gained mutation: Your flesh is heat resistant. (rF+)
                  | [potion of mutation]
  2757 | D:3      | Lost mutation: You are dopey. (Int -2) [potion of mutation]
  2757 | D:3      | Lost mutation: You expend magic power (3 MP) to strengthen
                  | your wands. [potion of mutation]
  2757 | D:3      | Lost mutation: Your flesh is heat resistant. (rF+) [potion
                  | of mutation]
  2757 | D:3      | Gained mutation: You are frail. (-10% HP) [potion of
                  | mutation]
  2761 | D:3      | Paralysed by Grinder for 4 turns
  2772 | D:3      | Paralysed by Grinder for 6 turns
  2786 | D:3      | Paralysed by Grinder for 4 turns
  2803 | D:3      | Paralysed by Grinder for 2 turns
  2805 | D:3      | Killed Grinder
  2806 | D:3      | Reached skill level 4 in Maces & Flails
  2806 | D:3      | Gained mutation: You regenerate a little health from kills.
                  | [demonic ancestry]
  2806 | D:3      | Reached XP level 5. HP: 33/37 MP: 5/5
  2806 | D:3      | Gained mutation: You regenerate health from kills. [demonic
                  | ancestry]
  2806 | D:3      | Reached XP level 6. HP: 38/43 MP: 6/6
  2908 | D:4      | Found a staircase to the Ecumenical Temple.
  3181 | D:4      | Noticed Natasha
  3195 | D:4      | Killed Natasha
  3458 | D:4      | Reached skill level 5 in Maces & Flails
  3499 | D:4      | Noticed Ijyb
  3512 | D:4      | Killed Ijyb
  3675 | Temple   | Entered the Ecumenical Temple
  3685 | D:4      | Noticed Natasha
  3763 | D:5      | Entered Level 5 of the Dungeon
  3778 | D:5      | Noticed Duvessa
  3785 | D:5      | Noticed Dowan
  3788 | D:5      | Killed Duvessa
  3789 | D:5      | Gained mutation: You are mostly covered in slimy green
                  | scales. (AC +3) [demonic ancestry]
  3789 | D:5      | Reached XP level 7. HP: 49/49 MP: 7/7
  3808 | D:5      | Reached *** piety under Trog
  3832 | D:5      | Killed Dowan
  3961 | D:5      | Found a glowing drain.
  3973 | D:5      | Reached skill level 6 in Maces & Flails
  4400 | Sewer    | Entered a sewer
  4851 | D:5      | Reached skill level 5 in Fighting
  5006 | D:5      | Reached XP level 8. HP: 51/55 MP: 8/8
  5090 | D:5      | Noticed an angel
  5108 | D:5      | Found a basalt altar of Yredelemnul.
  5110 | D:5      | Noticed a profane servitor
  5476 | D:5      | Found a burning altar of Makhleb.
  5476 | D:5      | Found a bloodstained altar of Trog.
  5633 | D:6      | Noticed SquidGame's ghost (novice TeBe)
  5644 | D:6      | Found a runed translucent gate.
  5644 | D:6      | Found a runed translucent gate.
  5644 | D:6      | Found a runed translucent gate.
  5705 | D:6      | Found a snail-covered altar of Cheibriados.
  6126 | D:6      | Reached skill level 5 in Armour
  6126 | D:6      | Reached skill level 5 in Dodging
  6136 | D:6      | Reached skill level 7 in Maces & Flails
  6258 | D:6      | Killed SquidGame's ghost
  6258 | D:6      | Reached **** piety under Trog
  6259 | D:6      | Gained mutation: You have claws for feet. [demonic
                  | ancestry]
  6259 | D:6      | Reached XP level 9. HP: 61/61 MP: 9/9
  6891 | D:7      | Lost mutation: You are frail. (-10% HP) [potion of
                  | mutation]
  6891 | D:7      | Gained mutation: You evolve. [potion of mutation]
  6891 | D:7      | Gained mutation: You are agile. (Dex +2) [potion of
                  | mutation]
  6891 | D:7      | Gained mutation: Your flesh is cold resistant. (rC+)
                  | [potion of mutation]
  6891 | D:7      | Gained mutation: You are very agile. (Dex +4) [potion of
                  | mutation]
  7393 | D:7      | Reached skill level 8 in Maces & Flails
  7791 | D:8      | Noticed Maggie
  7796 | D:8      | Noticed Grum
  7812 | D:8      | Killed Maggie
  7818 | D:8      | Slain by Grum

Illustrated notes

Levels and vault maps discovered:
D:1:      saegor_arrival_fortress, layout_loops_ring,
          ebering_ecumenical_altar_abandoned
D:2:      layout_basic, basic_altar, minmay_rat_gold_closets
D:3:      layout_loops_cross, uniq_grinder
D:4:      layout_basic, minmay_temple_entry_tees, minmay_surrounded, uniq_ijyb,
          uniq_natasha
D:5:      layout_loops_cross, grunt_temple_overflow_holy_war,
          gammafunk_temple_overflow_statue, cheibrodos_sewer_entry_sluice,
          uniq_duvessa
D:6:      layout_gridville, mainiacjoe_overflow_tiny_flanked,
          gammafunk_ghost_split
D:7:      layout_rooms
D:8:      layout_loops_ring, pdpol_temple_overflow_zin_treasury_gozag_greed,
          uniq_grum, uniq_maggie
Temple:   minmay_temple_bridge_abc

Skill      XL: |  1  2  3  4  5  6  7  8  9 |
---------------+----------------------------+-----
Maces & Flails | 3 4 5 6 7 8 |  8.5
Dodging        | 2 3 5 |  5.6
Armour         | 2 3 4 5 6 |  6.4
Fighting       | 4 5 6 |  6.1

Action                   |  1- 3 |  4- 6 |  7- 9 || total
-------------------------+-------+-------+-------++-------
Melee: Mace              |   100 |    90 |       ||   190
       Kick              |    15 |    29 |   115 ||   159
       Club              |       |    12 |   137 ||   149
       Flail             |       |       |   138 ||   138
Invok: Berserk           |     2 |     1 |     4 ||     7
       Trog's Hand       |       |     1 |     2 ||     3
  Use: Potion            |       |     6 |     7 ||    13
 Stab: Sleeping          |     3 |       |       ||     3
Armor: Animal skin       |    19 |       |       ||    19
       Ring mail         |     6 |    29 |   141 ||   176
       Skin              |       |    27 |       ||    27
       Plate armour      |       |       |   126 ||   126
Dodge: Dodged            |    58 |    58 |   286 ||   402
